 Dungeon Crawl Stone Soup version 0.29-a0-284-gf9362112df (webtiles) character file.

Game seed: 15359273258014576700

63 sammy202020 the Skirmisher (level 4, -2/43 HPs)
             Began as a Gargoyle Berserker on Mar 23, 2022.
             Was a Believer of Trog.
             Slain by an orc
             ... wielding a +0 hand axe
              (6 damage)
             ... on level 3 of the Dungeon.
             The game lasted 00:06:12 (2698 turns).

sammy202020 the Skirmisher (Gargoyle Berserker)     Turns: 2698, Time: 00:06:12

Health: -2/43      AC: 11    Str: 21    XL:     4   Next: 10%
Magic:  4/4        EV: 11    Int: 15    God:    Trog [**....]
Gold:   111        SH:  0    Dex:  9    Spells: 3/3 levels left

rFire   . . .      SeeInvis .   a - +0 mace
rCold   + . .      Faith    .   (no shield)
rNeg    + . .      Spirit   .   m - +0 ring mail
rPois   ∞          Reflect  .   (no helmet)
rElec   +          Harm     .   (no cloak)
rCorr   .          Rampage  .   i - +0 pair of gloves
Will    .....                   o - +0 pair of boots
Stlth   ..........              (no amulet)
HPRegen 0.14/turn               k - +6 ring of intelligence
MPRegen 0.09/turn               t - ring of protection from cold

@: berserking, very quick
A: sickness immunity, AC +3, negative energy resistance 1, electricity
resistance, torment resistance 1, petrification resistance
a: Renounce Religion, Berserk, Trog's Hand


You were on level 3 of the Dungeon.
You worshipped Trog.
Trog was pleased with you.
You visited 1 branch of the dungeon, and saw 3 of its levels.

You collected 111 gold pieces.

Inventory:

Hand Weapons
 a - a +0 mace (weapon)
 q - a +0 hand axe
Missiles
 d - 6 boomerangs (quivered)
 g - 11 poisoned darts
Armour
 i - a +0 pair of gloves (worn)
 m - a +0 ring mail (worn)
 o - a +0 pair of boots (worn)
Jewellery
 k - a +6 ring of intelligence (left hand)
 t - a ring of protection from cold (right hand)
Wands
 u - a wand of paralysis (20)
Scrolls
 b - 2 scrolls of identify {unknown}
 f - a scroll of vulnerability {unknown}
 h - a scroll of enchant armour {unknown}
 j - 2 scrolls of blinking {unknown}
 n - a scroll of teleportation {unknown}
 s - a scroll of holy word {unknown}
Potions
 c - a potion of berserk rage {unknown}
 e - a potion of ambrosia {unknown}
 l - a potion of might {unknown}
 p - a potion of flight {unknown}
 r - a potion of cancellation {unknown}
 v - a potion of invisibility {unknown}


   Skills:
 * Level 4.0 Fighting
 * Level 3.5 Maces & Flails
 - Level 2.1 Armour
 * Level 2.3 Dodging
 + Level 0.6 Evocations


You had 3 spell levels left.
You didn't know any spells.
Your spell library was empty.

Dungeon Overview and Level Annotations

Branches:
Dungeon (3/15)

Altars:

Shops:
D:1 ([[(*


Innate Abilities, Weirdness & Mutations

You are immune to sickness and miasma.
Your stone body is resilient. (AC +3)
You are immune to poison.
You resist negative energy. (rN+)
You are resistant to electric shocks. (rElec)
You are resistant to unholy torment.
You are immune to petrification.


Message History

The orc priest hits you but does no damage.
The orc hits you but does no damage.
The orc priest hits you but does no damage.
The orc hits you but does no damage.
You hit the orc priest.
The orc priest is lightly wounded.
The orc hits you with a +0 hand axe. The orc priest barely misses you.
You hit the orc priest but do no damage.
The orc priest is lightly wounded.
The orc priest barely misses you. The orc closely misses you.
You hit the orc priest but do no damage.
The orc priest is lightly wounded.
The orc hits you but does no damage.
The orc priest looks braver for a moment.
You hit the orc priest but do no damage.
The orc priest is lightly wounded.
The orc priest hits you but does no damage.
The orc hits you but does no damage. The orc closely misses you.
The orc priest hits you but does no damage.
You closely miss the orc priest.
The orc priest is lightly wounded.
The orc completely misses you.
The orc priest hits you but does no damage.
You hit the orc priest but do no damage.
The orc priest is lightly wounded.
The orc priest invokes the aid of Beogh against you.
Beogh smites you! The orc barely misses you.
You barely miss the orc priest.
The orc priest is lightly wounded.
The orc priest hits you with a +0 flail!
* * * LOW HITPOINT WARNING * * *
The orc hits you with a +0 hand axe.
* * * LOW HITPOINT WARNING * * *
You closely miss the orc priest.
The orc priest is lightly wounded.
The orc priest closely misses you. The orc closely misses you.
A red film seems to cover your vision as you go berserk!
You feel yourself moving faster!
You feel mighty! The orc hits you with a +0 hand axe.
You die...

##..#
##...####
###.......+
#.......###
#.#.#$#.#
#.#.#.#.# #
#.#.#.#####
#.#>#........
#....@).#####
#####oo##
#..# #...
##.## .# .#
..


You could see an orc priest and an orc.

Vanquished Creatures
  An adder (D:2)
  A dart slug (D:2)
  An orc (D:3)
  4 endoplasms (D:1)
  4 giant cockroaches
  7 goblins
  7 hobgoblins
  2 jackals (D:1)
  2 quokkas
  3 ball pythons
  2 bats (D:2)
  6 frilled lizards
  3 kobolds
  2 rats
45 creatures vanquished.

Notes
Turn   | Place    | Note
-------+----------+-------------------------------------------
     0 | D:1      | sammy202020 the Gargoyle Berserker began the quest for the
                  | Orb.
     0 | D:1      | Reached XP level 1. HP: 14/14 MP: 1/1
    80 | D:1      | Reached XP level 2. HP: 19/19 MP: 2/2
   175 | D:1      | Found Itum's Assorted Antiques.
   267 | D:1      | Found a faded altar of an unknown god.
   272 | D:1      | Found Joirynei's Antique Armour Shop.
   575 | D:1      | Found Qugarik's Armour Boutique.
   601 | D:1      | Found Udytuero's Weapon Boutique.
   951 | D:1      | Reached XP level 3. HP: 23/23 MP: 3/3
  1002 | D:1      | Found Roduri's Antique Weapon Boutique.
  1196 | D:1      | Reached ** piety under Trog
  1873 | D:2      | Reached XP level 4. HP: 29/29 MP: 4/4
  1962 | D:2      | Reached skill level 4 in Fighting
  2698 | D:3      | Slain by an orc

Illustrated notes

Levels and vault maps discovered:
D:1:      lemuel_arrival_cross, layout_basic, serial_shops, shop,
          nicolae_diamond_shop, shop, shop, shop,
          hellmonk_ecumenical_altar_dog_temple
D:2:      layout_basic, serial_curves, eino_curves_01, eino_curves_01,
          dreamdust_princess_bridge
D:3:      layout_loops_corners

Skill      XL: |  1  2  3  4 |
---------------+-------------+-----
Dodging        | 2 |  2.3
Fighting       | 4 |  4.0
Maces & Flails | |  3.5
Armour         | |  2.1
Evocations     | |  0.6

Action                   |  1- 3 |  4- 6 || total
-------------------------+-------+-------++-------
Melee: Mace              |   125 |    24 ||   149
Invok: Berserk           |     1 |     1 ||     2
 Stab: Sleeping          |     1 |       ||     1
Armor: Animal skin       |    20 |       ||    20
       Ring mail         |    27 |    14 ||    41
Dodge: Dodged            |    84 |    16 ||   100

Table legend: (Time is in decaauts)
 A = Elapsed time spent in this place.
 B = Non-inter-level travel time spent in this place.
 C = Inter-level travel time spent in this place.
 D = Time resting spent in this place.
 E = Time spent auto-exploring this place.
 F = Levels seen in this place.
 G = Mean time per level.
                   A        B        C        D        E       F      G
               +--------+--------+--------+--------+--------+-----+--------+
         Total |   2742 |   2631 |    111 |    285 |   1930 |   3 |  914.0 |
       Dungeon |   2742 |   2631 |    111 |    285 |   1930 |   3 |  914.0 |
               +--------+--------+--------+--------+--------+-----+--------+

Top non-repeatable levels by time:
     D:1: 1371 daAuts
     D:2: 1276 daAuts
     D:3: 95 daAuts
